Map: 안갯속 표류기

Players

테라진

  • Race: Terran Terran
  • Spawn Location: 5:00

밤하늘

  • Race: Protoss Protoss
  • Spawn Location: 6:00

VOD

Have the link to the VOD?

Description

Time

  • Played on: Feb. 12, 2019, 3:34 a.m.
  • Length: 30:11
Show
View Real Time Build Order
Export as new Build Order

테라진 Terran 

Build Orders:  

Get SALT Encoding   

  12  0:09  SCV  
Show
View Real Time Build Order
Export as new Build Order

밤하늘 Protoss 

Build Orders:  

Get SALT Encoding   

  12  0:02  Probe (Chrono Boost)  
  13  0:16  Probe (Chrono Boost)  
  14  0:30  Probe (Chrono Boost)  
  15  0:57  Zoraya Legion  
  15  1:40  Ancient Nexus  
  15  1:55  Xel'Naga Passageway  
  15  1:59  Probe (Chrono Boost)  
  16  2:12  Probe (Chrono Boost)  
  17  2:26  Probe (Chrono Boost)  
  18  2:40  Probe (Chrono Boost)  
  19  2:54  Probe (Chrono Boost)  
  20  3:00  Core Forge  
  20  3:08  Probe (Chrono Boost)  
  21  3:21  Probe (Chrono Boost)  
  21  3:22  Probe (Chrono Boost)  
  23  3:35  Zoraya Legion, Probe (Chrono Boost)  
  24  3:41  Probe (Chrono Boost)  
  24  3:49  Probe (Chrono Boost)  
  26  3:55  Probe (Chrono Boost)  
  26  3:58  Constructs Facility  
  27  4:03  Probe (Chrono Boost)  
  27  4:08  Probe (Chrono Boost)  
  29  4:22  Probe (Chrono Boost)  
  29  4:23  Probe (Chrono Boost)  
  31  4:40  Xel'Naga Passageway  
  31  4:43  Xel'Naga Passageway  
  31  4:53  Probe x2 (Chrono Boost)  
  33  5:07  Probe x2 (Chrono Boost)  
  35  5:15  Xel'Naga Shieldguard  
  36  5:21  Probe (Chrono Boost), Constructs Bay  
  37  5:30  Xel'Naga Void Array x2  
  38  5:40  Xel'Naga Void Array  
  38  5:48  Xel'Naga Shieldguard  
  38  5:50  Xel'Naga Void Array x2  
  38  5:51  Xel'Naga Shieldguard x2  
  42  6:03  Xel'Naga Shieldguard  
  42  6:08  Zoraya Legion  
  43  6:34  Xel'Naga Ambusher  
  43  6:38  Xel'Naga Ambusher  
  47  7:26  Xel'Naga Ambusher  
  47  7:30  Xel'Naga Ambusher x2  
  53  7:43  Xel'Naga Shieldguard  
  54  7:51  Xel'Naga Ambusher, Xel'Naga Shieldguard  
  54  7:57  Xel'Naga Void Array  
  57  8:36  Xel'Naga Ambusher  
  57  8:40  Xel'Naga Ambusher x2  
  57  8:41  Xel'Naga Void Array  
  57  8:44  Xel'Naga Void Array  
  61  8:53  Xel'Naga Shieldguard  
  62  9:01  Xel'Naga Ambusher, Xel'Naga Shieldguard  
  61  9:36  Zoraya Legion  
  61  9:39  Xel'Naga Void Array  
  59  9:44  Xel'Naga Ambusher  
  59  9:48  Xel'Naga Ambusher  
  63  10:01  Xel'Naga Void Array  
  63  10:09  Xel'Naga Void Array  
  63  10:25  Xel'Naga Void Array  
  63  10:38  Xel'Naga Ambusher  
  63  10:42  Xel'Naga Ambusher x2  
  63  10:47  Xel'Naga Watcher  
  69  10:52  Xel'Naga Void Array  
  69  10:59  Xel'Naga Watcher  
  69  11:07  Xel'Naga Void Array  
  69  11:08  Xel'Naga Ambusher  
  69  11:11  Xel'Naga Watcher  
  69  11:12  Xel'Naga Ambusher  
  73  11:23  Xel'Naga Watcher  
  73  11:35  Xel'Naga Watcher  
  73  11:37  Xel'Naga Void Array  
  73  11:50  Xel'Naga Void Array  
  73  12:04  Zoraya Legion  
  73  12:20  Xel'Naga Ambusher  
  73  12:25  Xel'Naga Ambusher x2  
  79  13:00  Xel'Naga Void Array  
  79  13:04  Xel'Naga Void Array  
  79  13:23  Xel'Naga Ambusher  
  79  13:28  Xel'Naga Ambusher x2  
  83  13:41  Xel'Naga Ambusher  
  83  13:45  Tesseract Cannon  
  83  13:50  Tesseract Cannon  
  83  13:52  Tesseract Cannon  
  83  13:58  Xel'Naga Ambusher  
  82  14:05  Xel'Naga Shieldguard x2  
  80  14:16  Xel'Naga Shieldguard  
  81  14:21  Zoraya Legion  
  81  14:24  Xel'Naga Void Array  
  81  15:34  Xel'Naga Void Array  
  81  15:39  Xel'Naga Void Array  
  77  15:43  Xel'Naga Void Array  
  74  15:54  Xel'Naga Ambusher  
  74  15:58  Xel'Naga Ambusher x2  
  80  16:11  Xel'Naga Ambusher  
  80  16:14  Xel'Naga Watcher  
  80  16:19  Xel'Naga Ambusher x2  
  86  16:27  Xel'Naga Watcher  
  86  16:28  Xel'Naga Ambusher  
  86  16:39  Xel'Naga Watcher  
  88  16:40  Xel'Naga Shieldguard x2  
  88  16:46  Xel'Naga Shieldguard  
  91  16:51  Xel'Naga Watcher  
  91  17:03  Xel'Naga Watcher  
  91  17:06  Xel'Naga Ambusher  
  91  17:10  Xel'Naga Ambusher  
  95  17:39  Xel'Naga Ambusher  
  95  17:43  Xel'Naga Shieldguard, Xel'Naga Ambusher  
  100  17:50  Xel'Naga Watcher  
  100  18:02  Xel'Naga Watcher  
  100  18:15  Xel'Naga Watcher  
  100  18:26  Tesseract Cannon  
  100  18:27  Tesseract Cannon, Xel'Naga Watcher  
  100  18:29  Tesseract Cannon  
  100  18:39  Xel'Naga Watcher  
  100  18:51  Xel'Naga Watcher  
  100  19:03  Xel'Naga Watcher  
  100  19:49  Zoraya Legion  
  88  20:18  Xel'Naga Ambusher  
  88  20:23  Xel'Naga Ambusher x2  
  90  20:36  Xel'Naga Ambusher  
  92  20:44  Xel'Naga Ambusher x2  
  96  20:53  Xel'Naga Ambusher  
  94  21:04  Xel'Naga Ambusher  
  94  21:05  Xel'Naga Ambusher  
  98  21:38  Tesseract Cannon  
  98  21:41  Tesseract Cannon  
  98  21:44  Xel'Naga Void Array  
  98  21:46  Tesseract Cannon x2  
  98  21:49  Tesseract Cannon  
  98  21:57  Tesseract Cannon  
  98  22:03  Xel'Naga Void Array  
  98  22:10  Xel'Naga Void Array  
  98  22:25  Tesseract Cannon  
  98  22:27  Tesseract Cannon  
  98  22:29  Tesseract Cannon  
  98  22:30  Xel'Naga Watcher  
  98  22:42  Xel'Naga Watcher  
  98  22:54  Tesseract Cannon, Xel'Naga Watcher  
  98  23:06  Xel'Naga Watcher  
  98  23:16  Tesseract Cannon  
  98  23:18  Xel'Naga Watcher  
  98  23:21  Tesseract Cannon  
  98  23:31  Xel'Naga Watcher  
  98  23:43  Xel'Naga Watcher  
  98  23:55  Xel'Naga Watcher  
  98  24:07  Xel'Naga Watcher  
  98  24:19  Xel'Naga Watcher  
  98  24:42  Xel'Naga Ambusher  
  100  24:55  Tesseract Cannon  
  100  24:57  Tesseract Cannon  
  100  24:59  Tesseract Cannon  
  100  25:02  Tesseract Cannon  
  100  25:06  Tesseract Cannon  
  100  25:14  Tesseract Cannon x2  
  100  25:36  Tesseract Cannon  
  100  25:38  Tesseract Cannon  
  100  25:46  Xel'Naga Watcher  
  100  25:47  Tesseract Cannon  
  100  25:58  Xel'Naga Watcher  
  100  26:07  Xel'Naga Watcher  
  100  26:10  Xel'Naga Watcher  
  100  26:22  Xel'Naga Watcher  
  100  26:23  Xel'Naga Ambusher  
  100  26:34  Xel'Naga Watcher  
  100  26:38  Xel'Naga Void Array  
  100  27:23  Tesseract Cannon  
  100  27:26  Tesseract Cannon  
  100  27:30  Tesseract Cannon  
  100  27:32  Tesseract Cannon  
  100  27:36  Tesseract Cannon  
  100  27:39  Tesseract Cannon  
  100  27:41  Tesseract Cannon  
  100  27:44  Tesseract Cannon  
  100  28:09  Zoraya Legion  
  94  28:20  Xel'Naga Watcher, Xel'Naga Void Array  
  94  28:36  Xel'Naga Ambusher  
  90  28:41  Xel'Naga Ambusher x2  
  90  28:46  Xel'Naga Watcher  
Tags
 
Add a new tag
Caveats
  • Supply blocks, unpowered buildings, or Contaminate may cause inaccurate times.
  • Supply counts are checked every 10 seconds.